 Dungeon Crawl Stone Soup version 0.30.0-29-ga12c61a403 (webtiles) character file.

Game seed: 4644408621696477172

12652 qw the Cleaver (level 11, -3/72 HPs)
             Began as a Gargoyle Fighter on June 4, 2023.
             Was an Elder of Okawaru.
             Slain by a death yak (9 damage)
             ... on level 1 of the Lair of Beasts.
             The game lasted 00:05:15 (10817 turns).

qw the Cleaver (Gargoyle Fighter)                  Turns: 10817, Time: 00:05:16

Health: -3/72      AC: 28    Str: 29    XL:     11   Next: 96%
Magic:  14/14      EV: 11    Int: 10    God:    Okawaru [****..]
Gold:   400        SH:  6    Dex:  9    Spells: 10/10 levels left

rFire   . . .        Y - +2 war axe
rCold   + . .        c - +0 buckler
rNeg    + + .        r - +0 chain mail of the Lily {rN+ Stlth+}
rPois   inf          l - +0 helmet
rElec   +            (no cloak)
rCorr   .            q - +1 Delatra's gloves {ID++}
SInv    .            k - +2 pair of boots
Will    .....        (no amulet)
Stlth   +            t - ring of protection from cold
HPRegen 0.32/turn    g - +6 ring of strength
MPRegen 0.14/turn

%: no passive effects
@: about to teleport, heroic
A: sickness immunity, AC +8, negative energy resistance 1, electricity
resistance, torment resistance 1, petrification resistance
a: Renounce Religion, Heroism, Finesse


You were on level 1 of the Lair of Beasts.
You worshipped Okawaru.
Okawaru was greatly pleased with you.
You visited 3 branches of the dungeon, and saw 12 of its levels.

You collected 521 gold pieces.
You spent 121 gold pieces at shops.


Innate Abilities, Weirdness & Mutations

You are immune to sickness and miasma.
Your stone body is resilient. (AC +8)
You are immune to poison.
You resist negative energy. (rN+)
You are resistant to electric shocks. (rElec)
You are resistant to unholy torment.
You are immune to petrification.


   Skills:
 - Level 10.0(15.0) Fighting
 + Level 12.4(17.4) Axes
 - Level 3.9(8.9) Throwing
 - Level 7.0(12.0) Armour
 - Level 2.0(7.0) Dodging
 - Level 6.0(11.0) Shields
 + Level 4.8 Invocations


You had 10 spell levels left.
You didn't know any spells.
Your spell library was empty.

Inventory:

Hand Weapons
 n - a +3 flail
 Y - a +2 war axe (weapon)
Missiles
 w - a boomerang (quivered)
Armour
 c - a +0 buckler (worn)
 k - a +2 pair of boots (worn)
 l - a +0 helmet (worn)
 q - the +1 Delatra's gloves (worn) {ID++}
   (You found it on level 6 of the Dungeon)

   ID++:      It heals its wearer when they drink unknown potions, and restores
   their MP when they read unknown scrolls.
 r - the +0 chain mail of the Lily (worn) {rN+ Stlth+}
   (You found it on level 8 of the Dungeon)

   rN:        It protects you from negative energy.
   Stlth:     It makes you more stealthy.
Jewellery
 g - a +6 ring of strength (right hand)
 o - a +6 ring of dexterity
 s - a ring of ice
 t - a ring of protection from cold (left hand)
Scrolls
 f - a scroll of identify
 h - 3 scrolls of teleportation
Potions
 a - a potion of invisibility {unknown}
 b - 5 potions of lignification
 d - 2 potions of might
 e - 2 potions of heal wounds
 i - a potion of magic
 j - 2 potions of haste
 m - a potion of ambrosia {unknown}
 p - a potion of flight {unknown}
 v - a potion of attraction
 z - a potion of curing

Dungeon Overview and Level Annotations

Branches:
Dungeon (9/15)             Temple (1/1) D:4            Lair (2/5) D:9
  Swamp: Lair:2-3    Shoals: Lair:2-3     Snake: Lair:2-3    Spider: Lair:2-3
    Orc: D:9-12

Altars:
Ashenzari
Cheibriados
Dithmenos
Elyvilon
Fedhas
Gozag
Hepliaklqana
Kikubaaqudgha
Makhleb
Nemelex Xobeh
Okawaru
Qazlal
Ru
Sif Muna
Trog
Uskayaw
Vehumet
Wu Jian
Xom
Yredelemnul
Zin
The Shining One

Shops:
D:2 ?   D:7 *

Annotations:
D:4 2 runed translucent doors, qw's ghost, novice GrFi


Message History

The death yak gores you but does no damage.
The death yak closely misses you.
The death yak gores you but does no damage.
You climb upwards.
There is a stone staircase leading down here.
You hit the death yak.
The death yak is moderately wounded.
You barely miss the death yak. You hit the death yak but do no damage.
You slash the death yak! x2; You hit the death yak.
You hit the death yak.
The death yak is heavily wounded.
You slash the death yak! You hit the death yak. x2
You hit the death yak but do no damage. You barely miss the death yak.
The death yak barely misses you. The death yak completely misses you.
The death yak gores you! x2; You block the death yak's attack.
The death yak gores you!
10815 ||| READING 4 scrolls of teleportation.
As you read the scroll of teleportation, it crumbles to dust.
You feel strangely unstable. The death yak misses you.
The death yak gores you but does no damage.
You block the death yak's attack. The death yak closely misses you.
The death yak gores you but does no damage.
The death yak gores you!
10816 ||| DRINKING 3 potions of heal wounds.
You feel much better. The death yak gores you.
The death yak gores you but does no damage.
The death yak barely misses you. You block the death yak's attack.
The death yak gores you but does no damage. x2
You slash the death yak!
The death yak is heavily wounded.
You slash the death yak! You hit the death yak but do no damage.
You slash the death yak! x2; You barely miss the death yak.
The death yak gores you! You block the death yak's attack.
The death yak gores you but does no damage.
The death yak gores you!
The death yak gores you but does no damage.
The death yak gores you!
You die...

....##.............# #...#
....##.............###...#
....##...................#
....##...................#
...###...................#
...# #..............##...#
...# #.............###...#
...###.........YY..# #...#
....#..........Y@..###...#
....#..........YYY..##...#
....##..............##...##
...P##.............###....#
...###.............###...##
...# #..............##....#
...###.<>..........###...##
....##.............###.>.#
...##...............##...#


You could see 6 death yaks.

Vanquished Creatures
  A two-headed ogre (D:9)
  3 elephants (D:9)
  A black mamba (Lair:1)
  3 cane toads (Lair:1)
  Psyche (D:8)
  2 komodo dragons (Lair:1)
  2 trolls (D:9)
  A shadow (D:9)
  A basilisk (Lair:1)
  19 yaks
  2 steam dragons (D:9)
  3 wargs (D:9)
  An acid dragon (D:9)
  2 water moccasins
  2 ice beasts (D:7)
  An orc warrior (D:6)
  A sky beast (D:7)
  A black bear (D:7)
  4 ogres
  11 wolves (Lair:1)
  2 centaurs (D:9)
  6 bullfrogs
  3 scorpions
  5 wights (D:8)
  19 killer bees
  6 howler monkeys
  3 hounds
  6 jellies
  3 orc priests
  A gnoll bouda (D:4)
  A sleepcap (D:5)
  Jessica (D:3)
  2 iguanas
  10 orc wizards
  Robin (D:2)
  8 gnolls (D:4)
  8 adders
  A shadow imp (D:6)
  A white imp (D:6)
  An ufetubus (D:5)
  A worm (D:4)
  A dart slug (D:5)
  24 orcs
  2 ball pythons
  5 bats
  5 endoplasms
  2 giant cockroaches
  10 hobgoblins
  2 jackals (D:3)
  7 kobolds
  A quokka (D:3)
  3 frilled lizards
  12 goblins
  2 rats
227 creatures vanquished.

Notes
Turn   | Place    | Note
-------+----------+-------------------------------------------
     0 | D:1      | qw the Gargoyle Fighter began the quest for the Orb.
     0 | D:1      | Reached XP level 1. HP: 14/14 MP: 1/1
     0 | D:1      | 0 ||| qw: Version: 0.2-a-107-g4668610
     0 | D:1      | 0 ||| qw: Game counter: 1239
     0 | D:1      | 0 ||| qw: Always use a shield: true
     0 | D:1      | 0 ||| qw: God list: Okawaru
     0 | D:1      | 0 ||| qw: Allow faded altars: false
     0 | D:1      | 0 ||| qw: Do Orc after D:15 true
     0 | D:1      | 0 ||| qw: Do second Lair branch before Depths: true
     0 | D:1      | 0 ||| qw: Lair rune preference: random
     0 | D:1      | 0 ||| qw: Plans: Normal, Zot:1-4, Slime:5, God:TSO, Crypt,
                  | Tomb, Abyss, Pan, Hells, Win
     0 | D:1      | 0 ||| PLANNING D:1-11
    71 | D:1      | 71 ||| Stepping ~*~*~tactically~*~*~ (stealth).
    76 | D:1      | Reached skill level 2 in Axes
   148 | D:1      | Reached XP level 2. HP: 19/19 MP: 2/2
   456 | D:1      | 456 ||| DROPPING +0 club.
   733 | D:1      | 733 ||| UPGRADING to +2 pair of boots.
   738 | D:1      | 738 ||| UPGRADING to +6 ring of dexterity.
   739 | D:1      | 739 ||| READING scroll labelled RATHATINOI.
   744 | D:1      | 744 ||| READING scroll labelled MAGYICWA SEUPNI.
   745 | D:1      | 745 ||| READING scroll labelled JOULOO KYQO.
   796 | D:2      | 796 ||| Stepping ~*~*~tactically~*~*~ (hiding).
   797 | D:2      | 797 ||| Stepping ~*~*~tactically~*~*~ (stealth).
   837 | D:2      | Reached skill level 3 in Axes
   837 | D:2      | Reached XP level 3. HP: 21/23 MP: 3/3
   846 | D:2      | Found The Oracle's Delphic Readings.
   850 | D:2      | 850 ||| SHOPLISTING scroll of brand weapon (123 gold, have
                  | 16).
   850 | D:2      | 850 ||| SHOPLISTING scroll of identify (26 gold, have 16).
  1181 | D:2      | Noticed Robin
  1182 | D:2      | 1182 ||| Stepping ~*~*~tactically~*~*~ (stealth).
  1231 | D:2      | 1231 ||| Stepping ~*~*~tactically~*~*~ (stealth).
  1239 | D:2      | Reached skill level 1 in Dodging
  1244 | D:2      | Killed Robin
  1245 | D:2      | Reached XP level 4. HP: 11/28 MP: 4/4
  1320 | D:2      | 1320 ||| DROPPING +0 whip.
  1544 | D:2      | 1544 ||| UPGRADING to +0 helmet.
  1549 | D:2      | 1549 ||| UPGRADING to +6 ring of strength.
  1550 | D:2      | 1550 ||| READING scroll labelled GIACAM XOITE.
  1551 | D:2      | 1551 ||| READING scroll labelled KUOH DUBIEPRE.
  1648 | D:3      | 1648 ||| DROPPING +0 heavy mace.
  1663 | D:3      | 1663 ||| Stepping ~*~*~tactically~*~*~ (stealth).
  1693 | D:3      | Noticed Jessica
  1697 | D:3      | Killed Jessica
  1698 | D:3      | Reached skill level 4 in Axes
  1724 | D:3      | Found a shimmering altar of Xom.
  1724 | D:3      | Found a snail-covered altar of Cheibriados.
  1885 | D:3      | 1885 ||| Stepping ~*~*~tactically~*~*~ (hiding).
  1906 | D:3      | 1906 ||| Stepping ~*~*~tactically~*~*~ (stealth).
  1907 | D:3      | 1907 ||| Stepping ~*~*~tactically~*~*~ (stealth).
  2429 | D:3      | 2429 ||| UPGRADING to +0 chain mail.
  2439 | D:3      | 2439 ||| DROPPING +0 scale mail.
  2440 | D:3      | 2440 ||| READING scroll labelled TOSIKO DICYSIE.
  2441 | D:3      | 2441 ||| READING scroll labelled IMOANTEATICA.
  2457 | D:4      | Found a runed translucent door.
  2472 | D:4      | 2472 ||| Stepping ~*~*~tactically~*~*~ (stealth).
  2474 | D:4      | 2474 ||| Stepping ~*~*~tactically~*~*~ (hiding).
  2476 | D:4      | 2476 ||| Stepping ~*~*~tactically~*~*~ (hiding).
  2477 | D:4      | 2477 ||| Stepping ~*~*~tactically~*~*~ (hiding).
  2486 | D:4      | Reached XP level 5. HP: 31/32 MP: 5/5
  2489 | D:4      | HP: 6/32 [gnoll/+5 spear of flaming (4)]
  2608 | D:4      | Found a glowing silver altar of Zin.
  2631 | D:4      | Found a runed translucent door.
  2638 | D:4      | Noticed qw's ghost (novice GrFi)
  2643 | D:4      | 2643 ||| Stepping ~*~*~tactically~*~*~ (stealth).
  2827 | D:4      | 2827 ||| Stepping ~*~*~tactically~*~*~ (stealth).
  2867 | D:4      | 2867 ||| READING scroll labelled LIALEA YNKIHUL.
  2870 | D:4      | 2870 ||| FLEEEEING.
  2871 | D:4      | 2871 ||| STAIRDANCE
  2973 | D:3      | 2973 ||| READING scroll labelled GIRPHE URUIFFIWUMU.
  2974 | D:3      | 2974 ||| READING 2 scrolls of identify.
  2974 | D:3      | 2974 ||| IDENTIFYING orange potion
  2978 | D:4      | 2978 ||| STAIRDANCE
  3007 | D:4      | Reached skill level 5 in Axes
  3007 | D:4      | 3007 ||| FLEEEEING.
  3008 | D:4      | 3008 ||| STAIRDANCE
  3073 | D:4      | 3073 ||| Stepping ~*~*~tactically~*~*~ (hiding).
  3178 | D:4      | Found a staircase to the Ecumenical Temple.
  3179 | D:4      | 3179 ||| PLANNING TEMPLE
  3180 | D:4      | 3180 ||| Stepping ~*~*~tactically~*~*~ (hiding).
  3184 | D:4      | 3184 ||| Stepping ~*~*~tactically~*~*~ (hiding).
  3298 | Temple   | Entered the Ecumenical Temple
  3543 | Temple   | 3543 ||| PLANNING D:1-11
  3602 | D:4      | Found a burning altar of Makhleb.
  3607 | D:4      | Reached XP level 6. HP: 33/38 MP: 6/6
  3724 | D:4      | 3724 ||| Stepping ~*~*~tactically~*~*~ (stealth).
  3819 | D:4      | 3819 ||| DRINKING 2 sapphire potions.
  3863 | D:4      | 3863 ||| READING 2 scrolls of identify.
  3863 | D:4      | 3863 ||| IDENTIFYING sedimented red potion
  3891 | D:5      | Entered Level 5 of the Dungeon
  4148 | D:5      | 4148 ||| Stepping ~*~*~tactically~*~*~ (stealth).
  4186 | D:5      | Reached skill level 6 in Axes
  4268 | D:5      | Reached XP level 7. HP: 43/43 MP: 7/7
  4317 | D:5      | 4317 ||| Stepping ~*~*~tactically~*~*~ (stealth).
  4323 | D:5      | 4323 ||| DRINKING potion of curing.
  4323 | D:5      | 4323 ||| (to cure confusion)
  4339 | D:5      | Reached skill level 7 in Axes
  4339 | D:5      | 4339 ||| FLEEEEING.
  4340 | D:5      | 4340 ||| FLEEEEING.
  4341 | D:5      | 4341 ||| FLEEEEING.
  4342 | D:5      | HP: 9/43 [acid (5)]
  4809 | D:5      | Identified the +1 leather armour of Loss {rElec rF+ rN+
                  | Will-}
  4857 | D:5      | Reached skill level 1 in Throwing
  4994 | D:5      | 4994 ||| DROPPING +1 pair of boots.
  4995 | D:5      | 4995 ||| UPGRADING to ring of protection from cold.
  4997 | D:5      | 4997 ||| READING scroll labelled MEHONW JEGU.
  4998 | D:5      | 4998 ||| READING scroll labelled GUG FAGICO.
  5193 | D:6      | 5193 ||| Stepping ~*~*~tactically~*~*~ (stealth).
  5195 | D:6      | 5195 ||| Stepping ~*~*~tactically~*~*~ (hiding).
  5200 | D:6      | 5200 ||| Stepping ~*~*~tactically~*~*~ (hiding).
  5217 | D:6      | HP: 10/44 [orc warrior/+0 halberd (10)]
  5218 | D:6      | 5218 ||| READING 2 scrolls of teleportation.
  5362 | D:6      | Reached XP level 8. HP: 39/49 MP: 8/8
  5363 | D:6      | 5363 ||| FLEEEEING.
  5364 | D:6      | 5364 ||| FLEEEEING.
  5365 | D:6      | 5365 ||| FLEEEEING.
  5366 | D:6      | 5366 ||| FLEEEEING.
  5367 | D:6      | 5367 ||| FLEEEEING.
  5368 | D:6      | 5368 ||| FLEEEEING.
  5369 | D:6      | 5369 ||| FLEEEEING.
  5370 | D:6      | 5370 ||| FLEEEEING.
  5371 | D:6      | 5371 ||| FLEEEEING.
  5372 | D:6      | 5372 ||| STAIRDANCE
  5517 | D:6      | Found a hide-covered altar of Uskayaw.
  5517 | D:6      | Noticed a +0 spear
  5517 | D:6      | Noticed a +0 spear
  5518 | D:6      | Noticed a +0 falchion
  5519 | D:6      | Noticed a +0 short sword
  5519 | D:6      | Noticed a +0 short sword
  5520 | D:6      | Noticed a +0 dagger
  5521 | D:6      | Noticed a +0 falchion
  5521 | D:6      | Noticed a +0 dagger
  5526 | D:6      | 5526 ||| Stepping ~*~*~tactically~*~*~ (stealth).
  5535 | D:6      | 5535 ||| Stepping ~*~*~tactically~*~*~ (hiding).
  5538 | D:6      | 5538 ||| Stepping ~*~*~tactically~*~*~ (hiding).
  5539 | D:6      | 5539 ||| Stepping ~*~*~tactically~*~*~ (hiding).
  5660 | D:6      | 5660 ||| Stepping ~*~*~tactically~*~*~ (stealth).
  5661 | D:6      | Found the +1 Delatra's gloves {ID++}
  5935 | D:6      | Reached skill level 8 in Axes
  6092 | D:6      | 6092 ||| UPGRADING to +1 Delatra's gloves {ID++}.
  6097 | D:6      | 6097 ||| DROPPING +2 pair of boots.
  6098 | D:6      | 6098 ||| READING scroll labelled ZEACOK SAROOD.
  6133 | D:6      | 6133 ||| DRINKING 2 glowing yellow potions.
  6134 | D:6      | 6134 ||| DROPPING potion of degeneration.
  6159 | D:7      | Reached skill level 6 in Fighting
  6283 | D:7      | Found a hazy altar of Hepliaklqana.
  6368 | D:7      | Reached XP level 9. HP: 54/55 MP: 9/9
  6391 | D:7      | Reached skill level 9 in Axes
  6448 | D:7      | 6448 ||| Stepping ~*~*~tactically~*~*~ (stealth).
  6450 | D:7      | Found an iron altar of Okawaru.
  6451 | D:7      | 6451 ||| PLANNING OKAWARU WORSHIP
  6495 | D:7      | 6495 ||| Stepping ~*~*~tactically~*~*~ (stealth).
  6511 | D:7      | 6511 ||| Stepping ~*~*~tactically~*~*~ (stealth).
  6513 | D:7      | 6513 ||| Stepping ~*~*~tactically~*~*~ (stealth).
  6515 | D:7      | 6515 ||| Stepping ~*~*~tactically~*~*~ (stealth).
  6602 | D:7      | Found Zunakh's General Store.
  6616 | D:7      | 6616 ||| BUYING potion of heal wounds (55 gold).
  6616 | D:7      | Bought a potion of heal wounds for 55 gold pieces
  6616 | D:7      | 6616 ||| BUYING potion of lignification (33 gold).
  6616 | D:7      | Bought a potion of lignification for 33 gold pieces
  6616 | D:7      | 6616 ||| BUYING scroll of teleportation (33 gold).
  6616 | D:7      | Bought a scroll of teleportation for 33 gold pieces
  6884 | D:7      | Became a worshipper of Warmaster Okawaru
  6884 | D:7      | 6884 ||| PLANNING D:1-11
  6944 | D:8      | 6944 ||| Stepping ~*~*~tactically~*~*~ (stealth).
  7097 | D:8      | 7097 ||| Stepping ~*~*~tactically~*~*~ (stealth).
  7259 | D:8      | Reached * piety under Okawaru
  7262 | D:8      | 7262 ||| INVOKING Heroism.
  7276 | D:8      | Reached skill level 10 in Axes
  7282 | D:8      | 7282 ||| INVOKING Heroism.
  7516 | D:8      | Noticed Psyche
  7517 | D:8      | 7517 ||| Stepping ~*~*~tactically~*~*~ (hiding).
  7524 | D:8      | 7524 ||| DRINKING potion of curing.
  7524 | D:8      | 7524 ||| (to cure confusion)
  7574 | D:8      | Killed Psyche
  7838 | D:8      | Identified the +0 chain mail of the Lily {rN+ Stlth+}
  7937 | D:8      | 7937 ||| UPGRADING to +0 chain mail of the Lily {rN+
                  | Stlth+}.
  7947 | D:8      | 7947 ||| DROPPING +0 chain mail.
  7948 | D:8      | 7948 ||| READING scroll labelled PAAX MIBUOSCH.
  7949 | D:8      | 7949 ||| READING 2 scrolls labelled FOJAG PUBUR.
  7950 | D:8      | 7950 ||| DROPPING scroll of noise.
  7966 | D:9      | Noticed an elephant
  7976 | D:9      | Noticed a troll
  7977 | D:9      | 7977 ||| INVOKING Heroism.
  7978 | D:9      | 7978 ||| Stepping ~*~*~tactically~*~*~ (water).
  7980 | D:9      | Killed an elephant
  7981 | D:9      | Reached skill level 3 in Throwing
  7981 | D:9      | Reached XP level 10. HP: 54/64 MP: 7/10
  7988 | D:9      | 7988 ||| INVOKING Heroism.
  7990 | D:9      | Reached skill level 1 in Invocations
  8002 | D:9      | Noticed an elephant
  8003 | D:9      | 8003 ||| Stepping ~*~*~tactically~*~*~ (stealth).
  8006 | D:9      | 8006 ||| Stepping ~*~*~tactically~*~*~ (stealth).
  8007 | D:9      | 8007 ||| Stepping ~*~*~tactically~*~*~ (stealth).
  8012 | D:9      | 8012 ||| Stepping ~*~*~tactically~*~*~ (stealth).
  8013 | D:9      | 8013 ||| Stepping ~*~*~tactically~*~*~ (stealth).
  8015 | D:9      | 8015 ||| Stepping ~*~*~tactically~*~*~ (stealth).
  8044 | D:9      | Noticed an elephant
  8056 | D:9      | 8056 ||| INVOKING Heroism.
  8058 | D:9      | Killed an elephant
  8064 | D:9      | Killed an elephant
  8064 | D:9      | Reached ** piety under Okawaru
  8065 | D:9      | Reached skill level 6 in Armour
  8065 | D:9      | Reached skill level 3 in Invocations
  8218 | D:9      | 8218 ||| Stepping ~*~*~tactically~*~*~ (stealth).
  8244 | D:9      | 8244 ||| INVOKING Heroism.
  8258 | D:9      | HP: 9/64 [orc priest/divine providence (16)]
  8259 | D:9      | 8259 ||| READING 2 scrolls of teleportation.
  8260 | D:9      | 8260 ||| DRINKING 3 potions of heal wounds.
  8384 | D:9      | 8384 ||| INVOKING Heroism.
  8393 | D:9      | 8393 ||| Stepping ~*~*~tactically~*~*~ (cloud).
  8415 | D:9      | 8415 ||| Stepping ~*~*~tactically~*~*~ (hiding).
  8424 | D:9      | 8424 ||| INVOKING Heroism.
  8475 | D:9      | 8475 ||| Stepping ~*~*~tactically~*~*~ (stealth).
  8481 | D:9      | 8481 ||| Stepping ~*~*~tactically~*~*~ (stealth).
  8482 | D:9      | 8482 ||| Stepping ~*~*~tactically~*~*~ (stealth).
  8515 | D:9      | 8515 ||| DROPPING +0 flail.
  8518 | D:9      | 8518 ||| Stepping ~*~*~tactically~*~*~ (stealth).
  8519 | D:9      | 8519 ||| READING scroll of enchant weapon.
  8519 | D:9      | 8519 ||| ENCHANTING +1 war axe.
  8549 | D:9      | Found a staircase to the Lair.
  8584 | D:9      | 8584 ||| Stepping ~*~*~tactically~*~*~ (stealth).
  8586 | D:9      | 8586 ||| Stepping ~*~*~tactically~*~*~ (stealth).
  8612 | D:9      | 8612 ||| Stepping ~*~*~tactically~*~*~ (hiding).
  8621 | D:9      | 8621 ||| INVOKING Heroism.
  8678 | D:9      | 8678 ||| INVOKING Heroism.
  8790 | D:9      | 8790 ||| INVOKING Heroism.
  8826 | D:9      | 8826 ||| INVOKING Heroism.
  8831 | D:9      | Reached skill level 11 in Axes
  8834 | D:9      | Reached XP level 11. HP: 39/69 MP: 11/14
  8948 | D:9      | Noticed a two-headed ogre
  8949 | D:9      | 8949 ||| INVOKING Heroism.
  8951 | D:9      | 8951 ||| Stepping ~*~*~tactically~*~*~ (stealth).
  8968 | D:9      | Killed a two-headed ogre
  8969 | D:9      | Reached skill level 9 in Fighting
  9127 | D:9      | 9127 ||| Stepping ~*~*~tactically~*~*~ (hiding).
  9128 | D:9      | 9128 ||| Stepping ~*~*~tactically~*~*~ (hiding).
  9366 | D:9      | Reached *** piety under Okawaru
  9571 | D:9      | Found a blossoming altar of Fedhas.
  9635 | D:9      | 9635 ||| PLANNING LAIR
  9635 | D:9      | 9635 ||| DROPPING orb of energy.
  9636 | D:9      | 9636 ||| DROPPING ring of willpower.
  9637 | D:9      | 9637 ||| DRINKING 3 inky potions.
  9638 | D:9      | 9638 ||| DRINKING 2 bubbling amethyst potions.
  9691 | Lair:1   | Entered Level 1 of the Lair of Beasts
  9692 | Lair:1   | 9692 ||| INVOKING Heroism.
  9755 | Lair:1   | 9755 ||| INVOKING Heroism.
  9793 | Lair:1   | 9793 ||| INVOKING Heroism.
  9864 | Lair:1   | 9864 ||| INVOKING Heroism.
  9954 | Lair:1   | 9954 ||| Stepping ~*~*~tactically~*~*~ (stealth).
  9955 | Lair:1   | 9955 ||| Stepping ~*~*~tactically~*~*~ (stealth).
  9972 | Lair:1   | Reached skill level 12 in Axes
 10046 | Lair:1   | 10046 ||| INVOKING Heroism.
 10054 | Lair:1   | Reached skill level 6 in Shields
 10063 | Lair:1   | Reached **** piety under Okawaru
 10087 | Lair:1   | 10087 ||| FLEEEEING.
 10417 | Lair:1   | 10417 ||| INVOKING Heroism.
 10800 | Lair:2   | Noticed a death yak
 10800 | Lair:2   | Noticed a death yak
 10800 | Lair:2   | Noticed a death yak
 10800 | Lair:2   | Noticed a death yak
 10800 | Lair:2   | Noticed a death yak
 10800 | Lair:2   | Noticed a death yak
 10801 | Lair:2   | 10801 ||| INVOKING Heroism.
 10811 | Lair:2   | 10811 ||| STAIRDANCE
 10814 | Lair:1   | HP: 9/72 [death yak (11)]
 10815 | Lair:1   | 10815 ||| READING 4 scrolls of teleportation.
 10815 | Lair:1   | HP: 1/72 [death yak (8)]
 10816 | Lair:1   | 10816 ||| DRINKING 3 potions of heal wounds.
 10817 | Lair:1   | Slain by a death yak

Levels and vault maps discovered:
D:1:      evilmike_arrival_plus, layout_basic
D:2:      layout_basic, nicolae_nh_oracle_at_delphi, uniq_robin
D:3:      layout_basic, gammafunk_temple_overflow_pools, uniq_jessica
D:4:      layout_cave_pools, makhleb_blood_cavern_becter,
          mainiacjoe_overflow_catwalk, minmay_temple_entry_statues_pillars,
          ebering_ghost_sewer_f
D:5:      layout_basic
D:6:      layout_gridville, nicolae_uskayaw_en_pointe, pf_guarded_unrand_delatra
D:7:      layout_cave_pools, lemuel_round_altar,
          mainiacjoe_overflow_concentric_impassable, serial_shops,
          nicolae_shop_hallway_stairs, grunt_ministairs_7
D:8:      layout_basic, uniq_psyche
D:9:      wad_woods_settlement, layout_irregular_city, fedhas_ov_isle_minmay,
          erik_lair_orcish_takeover, enter_bailey_2, st_stairs_10
Temple:   dpeg_chambers_temple
Lair:1:   layout_long_grid, chequers_serial_rivers_small_a
Lair:2:   layout_roguey, nicolae_swamp_entry_spooky,
          spider_nest_entry_web_field, infiniplex_staircase_pool_2,
          grunt_megastairs_4, serial_bayou_shore_a

Skill      XL: |  1  2  3  4  5  6  7  8  9 10 11 |
---------------+----------------------------------+-----
Axes           | 2 3 4 5 6 7 8 10 11 12 | 12.4
Dodging        | 1 2 |  2.0
Fighting       | 4 5 6 8 10 | 10.0
Throwing       | 1 2 3 |  3.9
Armour         | 4 5 6 7 |  7.0
Shields        | 4 5 6 |  6.0
Invocations    | 4 |  4.8

Action                     |  1- 3 |  4- 6 |  7- 9 | 10-12 || total
---------------------------+-------+-------+-------+-------++-------
  Melee: War axe           |    83 |   119 |   303 |   265 ||   770
         Unarmed           |       |       |    12 |       ||    12
  Throw: Javelin           |       |       |    32 |    13 ||    45
         Boomerang         |       |       |     5 |    24 ||    29
 Invoke: Heroism           |       |       |     3 |    17 ||    20
    Use: Scroll            |     3 |     8 |     6 |     3 ||    20
         Potion            |       |     1 |     3 |     4 ||     8
 Armour: Scale mail        |    44 |     8 |       |       ||    52
         Chain mail        |       |    44 |   184 |   183 ||   411
         Skin              |       |       |     2 |       ||     2
  Dodge: Dodged            |    36 |    44 |   133 |   132 ||   345
  Block: Buckler           |    19 |    27 |    57 |    87 ||   190

Table legend:
 A = Non-vault XP
 B = Vault XP
 C = Vault XP percentage of total XP
 D = Non-vault monster count
 E = Vault monster count
 F = Vault count percentage of total count
                 A         B        C        D         E       F
            +---------+---------+-------+---------+---------+-------
      Total |   14066 |    4009 |  22.2 |     180 |      47 |  20.7
            +---------+---------+-------+---------+---------+-------
        D:1 |      22 |       0 |   0.0 |      13 |       0 |   0.0
        D:2 |      12 |      52 |  81.2 |       7 |      14 |  66.7
        D:3 |      37 |      37 |  50.0 |      14 |       1 |   6.7
        D:4 |     211 |      43 |  16.9 |      20 |       1 |   4.8
        D:5 |     696 |       0 |   0.0 |      19 |       0 |   0.0
        D:6 |     372 |     228 |  38.0 |      12 |      11 |  47.8
        D:7 |    1082 |     219 |  16.8 |      12 |       2 |  14.3
        D:8 |    1196 |     383 |  24.3 |      25 |       1 |   3.8
        D:9 |    3556 |    3047 |  46.1 |      24 |      17 |  41.5
     Lair:1 |    6882 |       0 |   0.0 |      34 |       0 |   0.0
            +---------+---------+-------+---------+---------+-------
